 Dungeon Crawl Stone Soup version 0.28-a0-1152-g9c71ebef14 (webtiles) character file.

Game seed: 14231871529019120666

191 spaghetti the Sneak (level 5, -2/36 HPs)
             Began as an Octopode Delver on Dec 14, 2021.
             Succumbed to a water moccasin's poison
             ... in the Ecumenical Temple.
             The game lasted 00:03:07 (1555 turns).

spaghetti the Sneak (Octopode Delver)               Turns: 1555, Time: 00:03:08

Health: -2/36      AC:  1    Str: 12    XL:     5   Next: 70%
Magic:  1/1        EV: 15    Int: 12    God:
Gold:   44         SH:  0    Dex: 15    Spells: 4/4 levels left

rFire   . . .      SeeInvis .   d - +4 hand axe (antimagic) {axe}
rCold   . . .      Faith    .   (no shield)
rNeg    . . .      Spirit   .   (helmet restricted)
rPois   .          Reflect  .   (no amulet)
rElec   .          Harm     .   (no ring)
rCorr   .          Rampage  .   (no ring)
Will    .....                   (no ring)
Stlth   ++++......              (no ring)
HPRegen 0.12/turn               (no ring)
MPRegen 0.07/turn               (no ring)
                                (no ring)
                                (no ring)

@: lethally poisoned (-2 -> -14), hasted, very quick
A: almost no armour, amphibious, 8 rings, camouflage 1, gelatinous body 1,
(nimble swimmer 1), tentacles
a: no special abilities


You were in the Ecumenical Temple.
You visited 2 branches of the dungeon, and saw 4 of its levels.

You collected 44 gold pieces.


Innate Abilities, Weirdness & Mutations

You cannot wear most types of armour.
You are amphibious.
You can wear up to eight rings at the same time.
Your skin changes colour to match your surroundings (Stealth+).
Your rubbery body absorbs attacks. (AC +1, EV +1)
((You are camouflaged near water. (Stealth+)))
You have tentacles for arms and can constrict up to eight enemies at once.


   Skills:
 - Level 3.0 Fighting
 - Level 2.0 Axes
 + Level 5.7 Dodging
 - Level 6.6 Stealth


You had 4 spell levels left.
You didn't know any spells.
Your spell library was empty.

Inventory:

Hand Weapons
 a - a +0 hand axe {axe}
 d - a +4 antimagic hand axe (weapon) {axe}
   (You took it off an orc on level 5 of the Dungeon)
Jewellery
 g - a ring of flight
   (You found it on level 5 of the Dungeon)
Wands
 f - a wand of digging (3)
Scrolls
 b - a scroll of fog
 c - a scroll of magic mapping {!r}

Dungeon Overview and Level Annotations

Branches:
Dungeon (6/15)             Temple (1/1) D:5

Altars:
Cheibriados
Elyvilon
Fedhas
Gozag
Nemelex Xobeh
Okawaru
Ru
Sif Muna
Uskayaw
Vehumet
Xom
Yredelemnul
The Shining One

Shops:
D:5 =

Annotations:
D:5 Dowan, Duvessa
D:6 1 exclusion

≈≈≈≈≈≈≈≈≈≈≈≈≈≈≈≈...≈≈≈≈≈≈≈≈≈#
.≈≈≈≈≈≈≈≈≈≈≈≈≈≈.....≈≈≈≈≈≈≈≈#
.≈≈≈≈≈≈≈≈≈≈≈≈≈≈.....≈≈≈≈≈≈≈≈#
.≈≈≈≈≈≈≈≈≈≈≈≈≈≈..⌠..≈≈≈≈≈≈≈≈#
.≈≈≈≈≈≈≈≈≈≈≈≈≈≈.....≈≈≈≈≈≈≈≈#
.≈≈≈≈≈≈≈≈≈≈≈≈≈≈.....≈≈≈≈≈≈≈≈#
.≈≈≈≈≈≈≈≈≈≈≈≈≈≈.....≈≈≈≈≈≈≈≈#
..≈≈≈≈≈≈≈≈≈≈≈≈......≈≈≈≈≈≈≈≈#
................@...≈≈≈≈≈≈≈≈#
.................S..≈≈≈≈≈≈≈≈#
....................≈≈≈≈≈≈≈≈#
..≈≈≈≈≈≈≈≈≈≈≈≈......≈≈≈≈≈≈≈≈#
.≈≈≈≈≈≈≈≈≈≈≈≈≈≈.....≈≈≈≈≈≈≈≈#
.≈≈≈≈≈≈≈≈≈≈≈≈≈≈.....≈≈≈≈≈≈≈≈#
.≈≈≈≈≈≈≈≈≈≈≈≈≈≈.....≈≈≈≈≈≈≈≈#
.≈≈≈≈≈≈≈≈≈≈≈≈≈≈..⌠..≈≈≈≈≈≈≈≈#
.≈≈≈≈≈≈≈≈≈≈≈≈≈≈.....≈≈≈≈≈≈≈≈#


You could see a water moccasin.


Message History

Found a blossoming altar of Fedhas.
Found a snail-covered altar of Cheibriados.
Found a basalt altar of Yredelemnul.
Found a radiant altar of Vehumet.
Found an opulent altar of Gozag.
Found a sacrificial altar of Ru.
Found two altars.
There is a radiant altar of Vehumet here.
Found a hide-covered altar of Uskayaw.
There is an opulent altar of Gozag here.
You curl up in front of the altar of Gozag.
Gozag does not accept service from beggars like you!
The service fee for joining is currently 91 gold; you only have 44.
Unknown command.
Press < or > to pray at altars.
Unknown command.
Press < or > to pray at altars.
Unknown command.
Press < or > to pray at altars.
You curl up in front of the altar of Gozag.
Gozag does not accept service from beggars like you!
The service fee for joining is currently 91 gold; you only have 44.
Unknown command.
Press < or > to pray at altars.
Unknown command.
Press < or > to pray at altars.
Unknown command.
Press < or > to pray at altars.
(D) Dungeon (T) Temple
Where to? (Enter - D:5 @ (x,y), ? - help)
Found a sparkling altar of Nemelex Xobeh.
Found an iron altar of Okawaru.
There is a staircase back to the Dungeon here.
You climb upwards.
Level annotation: Dowan, Duvessa The water moccasin bites you.
The water moccasin completely misses you.
Dowan says, "Magic and the sword, together, will defeat you."
Dowan mumbles some strange words.
Dowan blinks!
There is a staircase to the Ecumenical Temple here. 😕 HP[-1]
You take 1 damage, and now have 35/36 hp.
Unknown command.
Okay, then.
Okay, then.
You closely miss the water moccasin. You grab the water moccasin.
You constrict the water moccasin, but do no damage.
The water moccasin bites you. x2
You are poisoned.
The water moccasin poisons you! 😮 HP[-8]
You take 8 damage, and now have 27/36 hp.
MASSIVE DAMAGE!! (PAUSE) Unknown command.
You release your grip on the water moccasin.
You feel very sick. The water moccasin bites you.
You are lethally poisoned!
The water moccasin poisons you! Dowan closely misses you.
You climb downwards.
Welcome back to the Ecumenical Temple!
* * * LOW HITPOINT WARNING * * *
You feel extremely sick.
There is a staircase back to the Dungeon here. 😱 HP[-18]
You take 18 damage, and now have 9/36 hp.
MASSIVE DAMAGE!! (PAUSE) Unknown command.
Unknown command.
Unknown command.
Unknown command.
Okay, then.
You feel yourself speed up.
* * * LOW HITPOINT WARNING * * *
You feel very sick.
The water moccasin barely misses you. x2 😱 HP[-3]
You take 3 damage, and now have 6/36 hp.
Unknown command.
Okay, then.
Unknown command.
* * * LOW HITPOINT WARNING * * *
You feel very sick. 😱 HP[-3]
You take 3 damage, and now have 3/36 hp.
Unknown command.
Unknown command.
Unknown command.
You hit the water moccasin but do no damage.
You grab the water moccasin. You constrict the water moccasin.
* * * LOW HITPOINT WARNING * * *
You feel sick.
The water moccasin closely misses you. 😱 HP[-2]
You take 2 damage, and now have 1/36 hp.
Unknown command.
Unknown command.
Unknown command.
You slash the water moccasin! You squeeze the water moccasin.
You constrict the water moccasin.
You die...

Skill      XL: |  1  2  3  4 |
---------------+-------------+-----
Dodging        | 3 4 5 |  5.7
Fighting       | |  3.0
Axes           | |  2.0
Stealth        | |  6.6

Action                   |  1- 3 |  4- 6 || total
-------------------------+-------+-------++-------
Melee: Hand axe          |    21 |    27 ||    48
       Constrict         |     7 |     7 ||    14
       Tentacles         |     4 |     8 ||    12
  Use: Scroll            |     1 |       ||     1
       Potion            |       |     1 ||     1
 Stab: Sleeping          |     1 |     2 ||     3
Armor: Skin              |     1 |       ||     1
Dodge: Dodged            |    20 |    22 ||    42

Levels and vault maps discovered:
D:4:      layout_basic, serial_shops, shop, uniq_edmund
D:5:      layout_basic, lemuel_blue_sif_altar, minmay_temple_entry_waves,
          serial_shops, shop, nicolae_ossuary_entry_catacombs, fountainhead,
          st_stairs_4, minmay_pentangle, uniq_duvessa
D:6:      kennysheep_steamy, layout_layer_cave, makhleb_altar_promises_db,
          uniq_maggie
Temple:   minmay_temple_bridge_abc

Notes
Turn   | Place    | Note
-------+----------+-------------------------------------------
     0 | D:5      | spaghetti the Octopode Delver began the quest for the Orb.
     0 | D:5      | Reached XP level 1. HP: 16/16 MP: 1/1
     0 | D:5      | magus.rc [v1.9.6]
     6 | D:5      | Noticed an iguana
    19 | D:6      | Noticed an ogre
    43 | D:6      | Noticed an orc priest
   183 | D:5      | Found Baol's Jewellery Boutique.
   192 | D:5      | HP: 4/16 [orc (9)]
   340 | D:5      | HP: 1/16 [orc (6)]
   344 | D:5      | Reached XP level 2. HP: 1/21 MP: 2/2
   635 | D:5      | Reached skill level 3 in Dodging
   635 | D:5      | Reached XP level 3. HP: 13/26 MP: 1/3
   845 | D:5      | Found a shimmering blue altar of Sif Muna.
   916 | D:5      | Reached skill level 4 in Dodging
   916 | D:5      | Reached XP level 4. HP: 16/31 MP: 1/4
   933 | D:4      | Noticed a phantom
   933 | D:4      | HP: 7/31 [ufetubus (3)]
   942 | D:5      | Noticed an ogre
   943 | D:5      | HP: 7/31 [orc (1)]
  1204 | D:5      | Killed an ogre
  1205 | D:5      | Reached skill level 5 in Dodging
  1205 | D:5      | Reached XP level 5. HP: 34/36 MP: 1/5
  1388 | D:5      | Noticed a water moccasin
  1391 | D:5      | Found a staircase to the Ecumenical Temple.
  1395 | D:5      | Noticed Dowan
  1400 | D:5      | Noticed Duvessa
  1404 | Temple   | Entered the Ecumenical Temple
  1551 | Temple   | HP: 9/36 [poisoned by a water moccasin]
  1553 | Temple   | HP: 3/36 [poisoned by a water moccasin]
  1554 | Temple   | HP: 1/36 [poisoned by a water moccasin]
  1555 | Temple   | Succumbed to a water moccasin's poison

Vanquished Creatures
  An ogre (D:5)
  A hound (D:5)
  An iguana (D:5)
  A scorpion zombie (D:5)
  An ufetubus (D:4)
  9 orcs (D:5)
  3 kobolds (D:4)
17 creatures vanquished.

Vanquished Creatures (others)
  2 fungi (D:6)
2 creatures vanquished.

Grand Total: 19 creatures vanquished

Table legend:
 A = Non-vault XP
 B = Vault XP
 C = Vault XP percentage of total XP
 D = Non-vault monster count
 E = Vault monster count
 F = Vault count percentage of total count
                 A         B        C        D         E       F
            +---------+---------+-------+---------+---------+-------
      Total |     274 |       0 |   0.0 |      17 |       0 |   0.0
            +---------+---------+-------+---------+---------+-------
        D:4 |      11 |       0 |   0.0 |       4 |       0 |   0.0
        D:5 |     263 |       0 |   0.0 |      13 |       0 |   0.0
            +---------+---------+-------+---------+---------+-------

Illustrated notes

Table legend:
 A = Kills in this place as a percentage of kills in entire the game.
 B = Kills by you in this place as a percentage of kills by you in the entire game.
 C = Kills by friends in this place as a percentage of kills by friends in the entire game.
 D = Other kills in this place as a percentage of other kills in the entire game.
 E = Experience gained in this place as a percentage of experience gained in the entire game.
 F = Experience gained in this place divided by the number of levels of this place that you have seen.
                   A       B       C       D       E      F
               +-------+-------+-------+-------+-------+----------------------
         Total | 100.0 | 100.0 |   N/A |   N/A | 100.0 |  68.5
       Dungeon | 100.0 | 100.0 |   N/A |   N/A | 100.0 |  91.3
               +-------+-------+-------+-------+-------+----------------------

Table legend: (Time is in decaauts)
 A = Elapsed time spent in this place.
 B = Non-inter-level travel time spent in this place.
 C = Inter-level travel time spent in this place.
 D = Time resting spent in this place.
 E = Time spent auto-exploring this place.
 F = Levels seen in this place.
 G = Mean time per level.
                   A        B        C        D        E       F      G
               +--------+--------+--------+--------+--------+-----+--------+
         Total |   1566 |   1526 |     40 |    886 |    416 |   4 |  391.5 |
       Dungeon |   1418 |   1398 |     20 |    886 |    305 |   3 |  472.7 |
        Temple |    147 |    127 |     20 |      0 |    111 |   1 |  147.0 |
               +--------+--------+--------+--------+--------+-----+--------+

Top non-repeatable levels by time:
     D:5: 1248 daAuts
     D:6: 148 daAuts
  Temple: 147 daAuts
     D:4: 21 daAuts
